Cogmind - Beta 13 @@@ ROGUE MODE // 2024.04.02 @ 19:56:27 Player: Ciaphas Result: Destroyed by G-47 Trooper with Particle Gun Performance ------------- Evolutions (0) 0 Regions Visited (1) 200 Robots Destroyed (14) 70 Value Destroyed (326) 326 Prototype IDs (2) 40 Alien Tech Used (0) 0 Bonus (0) 0 TOTAL SCORE: 636 Bonus ------- None Cogmind --------- Core Integrity 0/250 Matter 288/300 Energy 100/100 System Corruption 0% Temperature Cool (15) Movement Core (200) Ox3 Location -10/Materials Parts ------- > --- POWER (1) -------- Ion Engine > --- PROPULSION (2) --- Compact Wheel > --- UTILITY (2) ------ Small Storage Unit > --- WEAPON (2) ------- (None) > --- INVENTORY (8) ---- Light Ion Engine Signal Interpreter Datajack Peak State ------------ > --- POWER ------------ Light Ion Engine > --- PROPULSION ------- Light Treads Light Treads > --- UTILITY ---------- Small Storage Unit Signal Interpreter > --- WEAPON ----------- Light Assault Rifle Light Assault Rifle > --- INVENTORY -------- Light Ion Engine Wheel Light Assault Rifle [Rating: 7] Favorites ----------- Power Ion Engine Engine Ion Engine Propulsion Light Treads Treads Light Treads Leg Aluminum Leg Wheel Wheel Utility Small Storage Unit Storage Small Storage Unit Processor Signal Interpreter Weapon Light Assault Rifle Energy Gun Medium Laser Ballistic Gun Light Assault Rifle Build | -11 -10 ------- Run | Yrd Mat Slots Evolved . | . . Power . | . . Propulsion . | . . Utility . | . . Weapon . | . . Parts Attached 14 | 4 10 Power 5 | 1 4 Engine 5 | 1 4 Core . | . . Reactor . | . . Propulsion 4 | 2 2 Treads 2 | 2 . Leg . | . . Wheel 2 | . 2 Hover . | . . Flight . | . . Utility 2 | . 2 Device . | . . Storage 1 | . 1 Processor 1 | . 1 Hackware . | . . Protection . | . . Artifact . | . . Weapon 3 | 1 2 Energy Gun . | . . Energy Cannon . | . . Ballistic Gun 3 | 1 2 Ballistic Cannon . | . . Launcher . | . . Special Weapon . | . . Impact Weapon . | . . Slashing Weapon . | . . Piercing Weapon . | . . Special Melee Weapon . | . . Unidentified Prototypes . | . . Parts Lost 4 | . 4 Power . | . . Propulsion 1 | . 1 Utility . | . . Weapon 3 | . 3 Highest Loss Streak 2 | . 2 To Critical Strikes . | . . Average Slot Usage (%) 80 | . 80 Engine 12 | . 12 Treads 21 | . 21 Wheel 2 | . 2 Storage 13 | . 13 Processor 7 | . 7 Ballistic Gun 22 | . 22 Naked Turns 41 | . 41 Heaviest Build 12 | 12 12 Greatest Support 40 | 40 40 Greatest Overweight (x) 3 | . 3 Average Overweight (x) . | . . Largest Inventory Capacity 8 | 8 8 Average Capacity 7 | 8 7 Most Carried 6 | 6 6 Average Carried 3 | 1 3 Final Capacity 8 | 8 8 Final Carried 3 | 3 3 Class Distribution -------------------- 100% | Mutant Dominant Class ---------------- Mutant | -10/Materials Resources | -11 -10 ----------- Run | Yrd Mat Matter Collected 431 | 246 185 Remotely . | . . Salvage Created 430 | 94 336 Parts 22 | 4 18 Haulers Intercepted . | . . Recyclers Shooed 2 | 1 1 Parts Field Recycled . | . . Retrieved Matter . | . . Parts Self-Destructed . | . . Prevented . | . . Kills | -11 -10 ------- Run | Yrd Mat Combat Hostiles Destroyed 10 | . 10 Guns 10 | . 10 Classes Destroyed 6 | 2 4 Tunneler 1 | 1 . Recycler 1 | 1 . Operator 1 | . 1 Watcher 1 | . 1 Swarmer 3 | . 3 Grunt 7 | . 7 Best Kill Streak 3 | 2 3 Combat Bots Only 3 | . 3 Max Kills in Single Turn 1 | 1 1 Gunslinging . | . . Exploded . | . . Melee . | . . Uniques/NPCs Destroyed . | . . Combat | -11 -10 -------- Run | Yrd Mat Hostile Shots Fired 112 | . 112 Missed 24 | . 24 Damage Taken 989 | . 989 Core 253 | . 253 Absorbed by Shields . | . . Core Remaining (%) 100 | 100 . Volleys Fired 73 | 8 65 Largest 2 | 2 2 Hottest 40 | 40 40 Shots Fired 142 | 16 126 Gun 142 | 16 126 Cannon . | . . Launcher . | . . Special . | . . Kinetic 142 | 16 126 Thermal . | . . Explosive . | . . Electromagnetic . | . . Robot Hit Streak 21 | 3 21 Robot Miss Streak 5 | 3 5 Penetration Max . | . . Secondary Targets 1 | . 1 Max Gunslinging Chain 1 | . 1 Shots Hit Robots 86 | 9 77 Core Hits 36 | 4 32 Critical Kills . | . . Critical Parts Destroyed 3 | . 3 Critical Strikes 3 | . 3 Destroy 3 | . 3 Melee Attacks . | . . Impact . | . . Slashing . | . . Piercing . | . . Sneak Attacks . | . . Combat Hostiles . | . . Follow-up Attacks . | . . Damage Inflicted 748 | 91 657 Guns 723 | 91 632 Cannons . | . . Explosions . | . . Melee . | . . Ramming 25 | . 25 Kinetic 723 | 91 632 Thermal . | . . Explosive . | . . Electromagnetic . | . . Impact . | . . Slashing . | . . Piercing . | . . Highest Corruption . | . . Average Corruption . | . . Corruption Purged . | . . Corruption Blocked . | . . Overload Shots . | . . Overflow Damage . | . . Projectiles . | . . Explosions . | . . Melee . | . . Knockbacks 1 | . 1 Impact 1 | . 1 Kinetic . | . . Secondary . | . . Self-Inflicted Damage 9 | . 9 Shots . | . . Rammed 7 | . 7 Targets Rammed 7 | . 7 Kicked . | . . Crushed . | . . Highest Temperature 27 | . 27 Average Temperature 9 | . 9 Received Heat Transfer 405 | . 405 Siege Activations . | . . Robots Corrupted . | . . Combat Hostiles . | . . Parts Fried . | . . Impact Corruptions . | . . Robots Melted . | . . Combat Hostiles . | . . Parts Melted . | . . Heat Transferred . | . . Parts Sabotaged . | . . Parts Stolen . | . . Parts Stripped . | . . Power Chain Reactions . | . . Alert | -11 -10 ------- Run | Yrd Mat Peak Influence 186 | 10 186 Initial 6 | . 6 Average 55 | 4 60 Maximum Alert Level . | . . Low Security (%) 100 | 100 100 Level 1 . | . . Level 2 . | . . Level 3 . | . . Level 4 . | . . Level 5 . | . . High Security . | . . Max Security . | . . Squads Dispatched 3 | . 3 Investigation 1 | . 1 Extermination . | . . Reinforcement 2 | . 2 Assault . | . . Garrison . | . . Intercept . | . . Searches Triggered . | . . Construction Impeded . | . . Haulers Reinforced . | . . Active Scanning Responses . | . . Cargo Convoy Interrupts . | . . Stealth | -11 -10 --------- Run | Yrd Mat Distress Signals 1 | . 1 Communications Jammed . | . . Distress Signals . | . . Times Spotted 25 | . 25 Peak Tracking Total 4 | . 4 Tactical Retreats 1 | . 1 Traps | -11 -10 ------- Run | Yrd Mat Traps Triggered 1 | . 1 Indirectly . | . . Trap Hack Attempts . | . . Triggered . | . . Disarmed . | . . Reprogrammed . | . . Reused . | . . Traps Extracted . | . . Installed . | . . Triggered . | . . Machines | -11 -10 ---------- Run | Yrd Mat Machines Disabled . | . . Max in Single Turn . | . . Machines Repaired . | . . Machines Dismantled . | . . Machines Sabotaged . | . . Overloaded Fab Kills . | . . Hacking | -11 -10 --------- Run | Yrd Mat Machines Accessed 4 | . 4 Terminals 4 | . 4 Fabricators . | . . Repair Stations . | . . Recycling Units . | . . Scanalyzers . | . . Garrison Access . | . . Total Hacks 18 | . 18 Successful 8 | . 8 Failed 10 | . 10 Catastrophic . | . . Database Lockouts . | . . Manual 4 | . 4 Terminals 18 | . 18 Fabricators . | . . Repair Stations . | . . Recycling Units . | . . Scanalyzers . | . . Garrison Access . | . . Terminal Hacks 6 | . 6 Prototype ID Bank 1 | . 1 Alert Level 2 | . 2 Reinforcement Status 1 | . 1 Recall Reinforcements 1 | . 1 Zone Layout 1 | . 1 Fabricator Hacks . | . . Repair Station Hacks . | . . Recycling Unit Hacks . | . . Scanalyzer . | . . Garrison Access Hacks . | . . Unauthorized Hacks 2 | . 2 Terminals 2 | . 2 Botnet 2 | . 2 Fabricators . | . . Repair Stations . | . . Recycling Units . | . . Scanalyzers . | . . Garrison Access . | . . Data Cores Recovered . | . . Used . | . . Hacking Detections 3 | . 3 Full Trace Events 1 | . 1 Feedback Events . | . . Feedback Blocked . | . . Robot Schematics Acquired . | . . Robots Built . | . . Authchips . | . . Time . | . . Total Robot Build Rating . | . . Part Schematics Acquired . | . . Parts Built . | . . Authchips . | . . Time . | . . Total Part Build Rating . | . . Parts Repaired . | . . Time . | . . Parts Recycled . | . . Recycled Matter . | . . Retrieved Matter . | . . Retrieved Components . | . . Parts Scanalyzed . | . . Part Schematics Acquired . | . . Parts Damaged . | . . Bothacking | -11 -10 ------------ Run | Yrd Mat Used RIF Installer . | . . Robots Hacked . | . . Non-combat . | . . Combat . | . . Robot Hacks Applied . | . . Relay Couplers Released . | . . Fabnet Peak Effective % . | . . Robots Rewired . | . . Allies Hacked . | . . Hacks Repelled . | . . Allies | -11 -10 -------- Run | Yrd Mat Total Allies . | . . Largest Group . | . . Highest-Rated Group . | . . Highest-Rated Ally . | . . Total Orders . | . . Ally Attacks . | . . Total Damage . | . . Kills . | . . Allies Corrupted . | . . Allies Melted . | . . Intel | -11 -10 ------- Run | Yrd Mat Robot Analysis Total . | . . Derelict Logs Recovered . | . . Drone Launches . | . . Drone Recoveries . | . . Exploration | -11 -10 ------------- Run | Yrd Mat Turns Passed 969 | 76 893 Spaces Moved 529 | 29 500 Core 142 | . 142 Treads 345 | 29 316 Legs . | . . Wheels 42 | . 42 Hover . | . . Flight . | . . Fastest Speed 50 | 160 50 Average Speed 132 | 160 130 Slowest Speed 200 | 160 200 Overloaded Moves . | . . Propulsion Burnouts . | . . Robots Hopped . | . . Cave-ins Triggered . | . . Exploration Rate (%) 39 | 4 75 Regions Visited 1 Branch Regions . Pre-discovered Areas . | . . Known Exits Taken . | . . Unknown Exits Taken 1 | 1 . Scrap Searched . | . . Spaces Dug . | . . Terrain Destroyed . | . . Melee . | . . Projectile . | . . AOE . | . . Terrain Rammed . | . . Walls Destroyed . | . . Machines Disabled . | . . Actions | -11 -10 --------- Run | Yrd Mat Total 681 | 46 635 Wait 46 | . 46 Move 528 | 28 500 Hop . | . . Pick Up 4 | 1 3 Fast Attach 4 | . 4 Attach 2 | . 2 Detach . | . . Swap 8 | 4 4 Drop 9 | 5 4 Fire 73 | 8 65 Melee . | . . Ram 6 | . 6 Kick . | . . Crush 1 | . 1 Escape Stasis . | . . Rewire . | . . Trap . | . . Miscellaneous . | . . Route ------- -11/Scrapyard -10/Materials (discovered 4 exits: *Mat x3 / *Min) History --------- Turn | Location | Event 21 | -11/Scrapyard | Discovered new exit (range 3) 77 | -11/Scrapyard | Entered Materials 243 | -10/Materials | Discovered new exit (range 9) 245 | -10/Materials | Discovered new exit (range 15) 330 | -10/Materials | Build established: Mutant 350 | -10/Materials | Identified exit to Mines 721 | -10/Materials | Core integrity fell below 50% 761 | -10/Materials | Discovered new exit (range 4) 769 | -10/Materials | Identified exit to Materials 810 | -10/Materials | Released all parts (5) 835 | -10/Materials | Discovered exit to Materials (range 16) 966 | -10/Materials | Core integrity fell below 20% 970 | -10/Materials | Destroyed by G-47 Trooper with Particle Gun Last Messages --------------- Establishing remote squad link... Recalled reinforcement squad S5OQ9VI07F. 00884_ T-07 Excavator is excavating. 00899_ Connecting with Terminal... >>Enumerate(Reinforcements) Retrieving latest reported positions... No active reinforcement squads found. 00905_ T-07 Excavator is excavating. 00915_ Acquired Com. Wheel. 00918_ Acquired Ion Engine. 00955_ Critical hit (Burn: +37). 00960_ Slammed into G-34 Mercenary. 00961_ Ion Engine broken. 00961_ Destabilizing: Short circuit. 00962_ Slammed into G-34 Mercenary. 00962_ Destabilizing: Core damaged (-2). 00963_ Slammed into G-34 Mercenary. 00963_ Com. Wheel broken. 00963_ Destabilizing: Short circuit. 00965_ Slammed into G-34 Mercenary. Map ----- +----------------------------------------------------+ | ?????????????????# # # """"" #?????????? | | ?????????????????# "T" + # """"" #?????????? | | ?????????????????# """ # # #?????????? | | ??????????????#??# # ##########?????????? | | ???????????#+## ########## #??????????????????? | | ?????????? #??????????????????? | | ??????????< #??????????????????? | | ?????????? #??????????????????? | | ?????????????########## #####??????????????????? | | ??????????????????????# #??????????????????????? | | ???????####???????????# k############+#?????????? | | ??????? #???????????# ????????? | | ######? ????????????# ????????? | | ### ########??##?# ????????? | | """ + ## ?? #?# ##############????? |??? | | """ # ## """"""" #?# #????????????????? #??? | | """ # ## """"""" #?# #????????????????# #??? | | + ## """"""" #?# #????????????????# #??? | | """ ## + """"""" #?# #????????????????# #??? | | """ ## ## """"""" #?# #?#########??????# #??? | | """ ## ## #?# #?? #??????# #??? | | ## ## #?# #??"""""" ######## #??? | | """ # * ##+########## # """"""" # ## #??? | | """ + g # """"""" # ## #??? | | """ # g # """"""" # ## #??? | | # ############# @# """"""" # ## #### | | ####### ##?########### # # # | | # #??# # # %# + ^ | | """ + #??# # ######+#### # ^!! | | """"" # #??# # #### ## # !! | | """"" # #??# """"" # + ## ! | | """"" ####??#"" """"" + ## ## | | """ #?????#"T """"" # ## ## | | #?????#"" ######## ## ## | | #?????# ######### ########## #### | | #?????############ # # ####+##### | | #????????????????# # # # # | | #????????????????# """ + + # """ # | | #######????????????????# """ # # # """ # | | ???????????????????????# """ # # " " # """ !# | | ???????????????????????# ?# #?"R" # # | | ???????????????????????######?#####?""" # """ # | | ?????????????????????????????????????#### """ # | | ????????????????????????????????????????# """ !# | | ????????????????????????????????????????# # | | ????????????????????????????????????????#??######? | | | | | | | | | +----------------------------------------------------+ Best States ------------- Heat Dissipation 25 Energy Generation 10 Energy Capacity 250 Matter Stores 300 Matter Capacity 300 Sight Range 16 Terrain Scan Density 10 Evasion (%) 50 Recoil Reduction 2 Item Schematics ----------------- None Robot Schematics ------------------ None Fabricated ------------ Nothing Alien Tech Used ----------------- None Achievements -------------- None Challenges ------------ None Game ------ Seed LongswordEnergyLance Manual? 0 Play Time 00:11:46 Cumulative 4.2 hours Start 2024.04.02 @ 19:46:49 End 2024.04.02 @ 19:56:27 Sessions 1 Manual Loads 0 Difficulty Rogue Special Mode None Game No. 9 Rogue 9 Adventurer 0 Explorer 0 Win Type - Total 0 Types 0/0/0/0/0/0/0/0/0 Lore% 13 Gallery% 8 Achievement% 22 Wizard Run 0 Options --------- Layout 1 ASCII 0 Keyboard 0 Movement Numpad Keybinds 0 Fullscreen 2 Font 32/Cog Map View 50x35 Zoom Use 0% Tactical HUD 1 Map Filters NONE Filters NONE Steam 1 RUN: ac038746-6092-42aa-9721-bde3c2ed0aff